 Dungeon Crawl Stone Soup version 0.20-a0-537-g052e6ba (webtiles) character file.

83 HAL9000 the Slasher (level 4, -3/35 HPs)
             Began as a Barachian Berserker on Jan 27, 2017.
             Was a Believer of Trog.
             Slain by a gnoll
             ... wielding a +0 halberd
              (5 damage)
             ... on level 2 of the Dungeon.
             The game lasted 00:02:53 (2996 turns).

HAL9000 the Slasher (Barachian Berserker)           Turns: 2996, Time: 00:02:54

Health: -3/35      AC:  2    Str: 15    XL:     4   Next: 44%
Magic:  4/4        EV: 12    Int:  5    God:    Trog [**....]
Gold:   97         SH:  0    Dex: 11    Spells: 3/3 levels left

rFire    . . .     SeeInvis .   a - +0 falchion
rCold    . . .     Gourm    .   b - +0 animal skin
rNeg     . . .     Faith    .   (no shield)
rPois    .         Spirit   .   (no helmet)
rElec    .         Reflect  .   (no cloak)
rCorr    .         Harm     .   (no gloves)
MR       .....                  (no boots)
Stlth    +.........             (no amulet)
Regen    0.2/turn               (no ring)
                                (no ring)

@: can't hop, slow
A: swims, slowness 1, strong legs 1
a: Hop, Berserk, Trog's Hand, Burn Spellbooks, Renounce Religion


You were on level 2 of the Dungeon.
You worshipped Trog.
Trog was pleased with you.
You were hungry.

You visited 1 branch of the dungeon, and saw 2 of its levels.

You collected 97 gold pieces.

Inventory:

Hand Weapons
 a - a +0 falchion (weapon)
Armour
 b - a +0 animal skin (worn)
Jewellery
 g - a +6 ring of protection {unknown}
Scrolls
 d - a scroll of immolation {unknown}
 f - a scroll of magic mapping {unknown}
 k - 4 scrolls of identify {unknown}
 m - 2 scrolls of remove curse {unknown}
 o - a scroll of enchant weapon {unknown}
 p - a scroll of amnesia {unknown}
 q - a scroll of fear {unknown}
 s - a scroll of recharging {unknown}
Potions
 e - a potion of agility {unknown}
 i - a potion of lignification {unknown}
 j - 2 potions of ambrosia {unknown}
 r - a potion of curing {unknown}
Comestibles
 c - 3 bread rations
 h - a meat ration


   Skills:
 - Level 3.2 Fighting
 + Level 5.6 Long Blades
 - Level 2.1 Armour
 - Level 2.0 Dodging


You had 3 spell levels left.
You didn't know any spells.

Dungeon Overview and Level Annotations

Branches:
Dungeon (2/15)

Altars:


Innate Abilities, Weirdness & Mutations

You can swim through water.
You cover ground slowly.
You can hop short distances.


Message History

The gnoll hits you. The gnoll hits you. The gnoll closely misses you.
You riposte.
You hit the gnoll.
The gnoll is severely wounded.
You see here a whip.
The gnoll closely misses you. The gnoll closely misses you. The gnoll hits you.
The gnoll hits you!
* * * LOW HITPOINT WARNING * * *
Hop to where?
Press: ? - help, Dir - move target cursor Boing!
The gnoll hits you!
* * * LOW HITPOINT WARNING * * *
There is an escape hatch in the floor here.
The gnoll hits you.
* * * LOW HITPOINT WARNING * * *
The gnoll hits you from afar with a halberd.
You die...

##
############..#..........# #
#.............#.#######.## #
##.##########.#<.....##.# #
#.# #.#.####.##.# # #.#
#.#.# #.##.# # #.# #.#.#
#.##.# # #.# #.#.# #.##.# #
#.# ####.#.# #.##.# # #.#
##..@.#.# #.##.# # #.#
#..g....####.##.#####
#.######>.g.........##.#.g.g
#.......g..###########.#.###
########.#.............#.#
#.###############.#
#....g............#
#.################# ###


You could see 3 gnolls.

Vanquished Creatures
  2 adders (D:2)
  An ooze (D:1)
  2 worms (D:2)
  4 dart slugs (D:1)
  2 leopard geckos (D:1)
  4 giant cockroaches
  5 goblins
  4 hobgoblins
  4 jackals (D:2)
  4 bats
  6 frilled lizards
  3 kobolds
  4 rats
45 creatures vanquished.

Notes
Turn   | Place    | Note
-------+----------+-------------------------------------------
     0 | D:1      | HAL9000 the Barachian Berserker began the quest for the Orb.
     0 | D:1      | Reached XP level 1. HP: 18/18 MP: 1/1
    78 | D:1      | Reached XP level 2. HP: 16/24 MP: 2/2
    79 | D:1      | Reached skill level 4 in Long Blades
   648 | D:1      | Reached XP level 3. HP: 28/29 MP: 3/3
  1343 | D:2      | Reached skill level 5 in Long Blades
  1914 | D:2      | Reached XP level 4. HP: 18/35 MP: 4/4
  2047 | D:2      | Reached ** piety under Trog
  2994 | D:2      | HP: 1/35 [gnoll (1)]
  2996 | D:2      | Slain by a gnoll

Vault maps used:
D:1:      minmay_arrival_nine_rooms, minmay_misc_feat_cross
D:2:      chequers_temple_overflow_minitemple, first_bread,
          minmay_goblin_kobold_house

Skill      XL: |  1  2  3 |
---------------+----------+-----
Long Blades    | 4 5 |  5.6
Fighting       | |  3.2
Armour         | |  2.1
Dodging        | |  2.0

Action                   |  1- 3 |  4- 6 || total
-------------------------+-------+-------++-------
Melee: Falchion          |   100 |    39 ||   139
Invok: Berserk           |     1 |       ||     1
 Abil: Hop               |       |     1 ||     1
  Eat: Chunk             |     3 |     4 ||     7
Armor: Animal skin       |    23 |     9 ||    32
Dodge: Dodged            |    64 |    43 ||   107
       Rpst.: Falchion   |    21 |     8 ||    29
